 Dungeon Sprint DCSS version 0.27.1-33-g824d729ab1 (webtiles) character file.

Game seed: 5715285498722037447

3398 boopmooplesden the Blocker (level 9, -9/90 HPs)
             Began as a Minotaur Fighter on Dec 16, 2021.
             Was a High Priest of Okawaru.
             Mangled by a bog body (29 damage)
             ... in the Dungeon (Sprint VII: "The Pits").
             The game lasted 00:02:56 (920 turns).

boopmooplesden the Blocker (Minotaur Fighter)        Turns: 920, Time: 00:02:57

Health: -9/90      AC: 18    Str: 22    XL:     9   Next: 75%
Magic:  7/10       EV: 12    Int:  6    God:    Okawaru [*****.]
Gold:   0          SH: 15    Dex: 11    Spells: 8/8 levels left

rFire    . . .     SeeInvis .   v - +2 scimitar (venom)
rCold    . . .     Faith    .   c - +0 kite shield
rNeg     . . .     Spirit   .   u - +4 chain mail
rPois    .         Reflect  .   (helmet restricted)
rElec    .         Harm     .   (no cloak)
rCorr    .         Rampage  .   (no gloves)
Will     .....     NoTele   +   (no boots)
Stlth    ..........             (no amulet)
HPRegen  0.25/turn              (no ring)
MPRegen  0.12/turn              (no ring)

@: heroic
A: horns 2, retaliatory headbutt
a: Renounce Religion, Heroism, Finesse


You were in the Dungeon.
You worshipped Okawaru.
Okawaru was extremely pleased with you.
You visited 1 branch

Inventory:

Hand Weapons
 a - a +0 long sword
 k - a +2 vorpal falchion
 p - a +0 long sword of flaming
 v - a +2 scimitar of venom (weapon)
Missiles
 d - 2 javelins (quivered)
Armour
 b - a +0 scale mail
 c - a +0 kite shield (worn)
 o - a +3 scale mail
 u - a +4 chain mail (worn)
Jewellery
 q - a +3 ring of protection
 r - a +3 ring of evasion
Scrolls
 j - a scroll of blinking
 m - 5 scrolls of amnesia
 n - a scroll of summoning
Potions
 e - 9 potions of curing
 f - 6 potions of heal wounds
 g - 2 potions of haste
 h - 4 potions of magic
 i - 3 potions of berserk rage
 l - 2 potions of invisibility
 s - a potion of might
 t - a potion of resistance


   Skills:
 + Level 12.1(17.1) Fighting
 + Level 12.9(17.9) Long Blades
 + Level 12.7(17.7) Armour
 + Level 6.6(11.6) Dodging
 + Level 2.1(7.1) Stealth
 + Level 14.1(19.1) Shields
 + Level 2.8 Invocations


You had 8 spell levels left.
You didn't know any spells.
Your spell library was empty.

Dungeon Overview and Level Annotations

Branches:
Dungeon (1/1)

Altars:
Ashenzari
Cheibriados
Dithmenos
Elyvilon
Fedhas
Gozag
Hepliaklqana
Kikubaaqudgha
Makhleb
Nemelex Xobeh
Okawaru
Qazlal
Ru
Sif Muna
Trog
Uskayaw
Vehumet
Wu Jian
Xom
Yredelemnul
Zin
The Shining One
Beogh
Jiyva
Lugonu


Innate Abilities, Weirdness & Mutations

You have a pair of horns on your head.
You reflexively headbutt those who attack you in melee.


Message History

A gnoll comes into view. It is wielding a +0 flail.
The gnoll shouts!
You hear a shout! x2
A gnoll comes into view. It is wielding a +0 club.
Things that are here:
a +0 spear; a gnoll corpse
There is an open door, spattered with blood here.
Things that are here:
a wolf corpse; a wolf corpse You start resting.
A gnoll is nearby!
You slash the gnoll!
The gnoll is poisoned.
The gnoll is severely wounded.
You block the gnoll's attack.
You barely miss the gnoll.
The gnoll is severely wounded.
You block the gnoll's attack.
You closely miss the gnoll.
The gnoll is severely wounded.
You hit the gnoll.
The gnoll looks as sick as possible!
The gnoll is almost dead.
You block the gnoll's attack.
A bog body comes into view.
You hit the gnoll.
The gnoll looks as sick as possible!
You headbutt the gnoll.
You kill the gnoll!
Okawaru accepts your kill.
You barely miss the gnoll. You block the gnoll's attack.
You slash the gnoll!
The gnoll is poisoned.
The gnoll is severely wounded.
The bog body gestures at you while chanting.
The bolt of cold hits the gnoll!!
The gnoll dies!
The bolt of cold hits you!!
* * * LOW HITPOINT WARNING * * *
You feel much better.
You feel like a meek peon again.
You gain the combat prowess of a mighty hero.
The bog body touches you!
* * * LOW HITPOINT WARNING * * *
The bog body freezes you!!
You die...

.............+
...#..#......#
.............#
'#####''######
....##''################
....##..#..............##
....##..##.......)...gg.#
<...##..####...#n######..
....##..#..#####@##
....##..#....##...#
....##..'.....#...#
######..'.....'...+
######..'.....#...#
.!.[##)†#....##...#
..[[##..#..#####.##
..).##..#### #+#
..))##..#


You could see a bog body.

Vanquished Creatures
  A death yak (D)
  A lindwurm (D)
  A bog body (D)
  An elephant (D)
  A rime drake (D)
  2 flying skulls (D)
  A wyvern (D)
  An ice beast (D)
  4 wolves (D)
  A kobold brigand (D)
  A phantom (D)
  A bullfrog (D)
  2 crimson imps (D)
  A jelly (D)
  Terence (D)
  An iguana (D)
  A mummy (D)
  2 gnolls (D)
  An ufetubus (D)
  An adder zombie (D)
  A bat zombie (D)
  A giant cockroach (D)
  5 jackals (D)
  A quokka (D)
  3 bats (D)
  A frilled lizard (D)
  2 kobolds (D)
40 creatures vanquished.

Vanquished Creatures (others)
  A gnoll (D)
1 creature vanquished.

Grand Total: 41 creatures vanquished

Notes
Turn   | Place    | Note
-------+----------+-------------------------------------------
     0 | D        | boopmooplesden the Minotaur Fighter began the quest for the
                  | Orb.
     0 | D        | Reached XP level 1. HP: 19/19 MP: 0/0
    39 | D        | Found a bloodstained altar of Trog.
    39 | D        | Found a shimmering blue altar of Sif Muna.
    39 | D        | Found a viscous altar of Jiyva.
    39 | D        | Found a hazy altar of Hepliaklqana.
    39 | D        | Found an opulent altar of Gozag.
    40 | D        | Found a glowing golden altar of the Shining One.
    40 | D        | Found a glowing silver altar of Zin.
    40 | D        | Found a basalt altar of Yredelemnul.
    40 | D        | Found a shimmering altar of Xom.
    40 | D        | Found an ornate altar of the Wu Jian Council.
    40 | D        | Found a sacrificial altar of Ru.
    40 | D        | Found a stormy altar of Qazlal.
    40 | D        | Found an iron altar of Okawaru.
    40 | D        | Found a sparkling altar of Nemelex Xobeh.
    40 | D        | Found a burning altar of Makhleb.
    40 | D        | Found a blossoming altar of Fedhas.
    40 | D        | Found a white marble altar of Elyvilon.
    40 | D        | Found a shadowy altar of Dithmenos.
    40 | D        | Found a snail-covered altar of Cheibriados.
    41 | D        | Found a radiant altar of Vehumet.
    41 | D        | Found a corrupted altar of Lugonu.
    42 | D        | Found a hide-covered altar of Uskayaw.
    42 | D        | Found an ancient bone altar of Kikubaaqudgha.
    42 | D        | Found a broken altar of Ashenzari.
    46 | D        | Became a worshipper of Warmaster Okawaru
    59 | D        | Reached skill level 4 in Shields
    78 | D        | Reached XP level 2. HP: 28/28 MP: 1/1
    88 | D        | Reached skill level 5 in Fighting
    88 | D        | Reached skill level 5 in Armour
    88 | D        | Reached skill level 5 in Shields
    88 | D        | Reached XP level 3. HP: 18/37 MP: 2/2
   258 | D        | Noticed an ice beast
   276 | D        | Killed an ice beast
   276 | D        | Reached * piety under Okawaru
   277 | D        | Reached skill level 1 in Dodging
   277 | D        | Reached skill level 7 in Shields
   277 | D        | Reached XP level 4. HP: 36/47 MP: 3/3
   277 | D        | Reached XP level 5. HP: 40/52 MP: 4/4
   286 | D        | Noticed a phantom
   297 | D        | Killed a phantom
   298 | D        | Reached skill level 5 in Long Blades
   298 | D        | Reached skill level 8 in Shields
   303 | D        | Reached ** piety under Okawaru
   304 | D        | Reached XP level 6. HP: 40/61 MP: 5/5
   420 | D        | Noticed an elephant
   435 | D        | Killed an elephant
   436 | D        | Reached skill level 10 in Armour
   436 | D        | Reached skill level 10 in Shields
   436 | D        | Reached XP level 7. HP: 28/70 MP: 3/6
   438 | D        | Noticed a flying skull
   438 | D        | Noticed a flying skull
   450 | D        | Killed a flying skull
   451 | D        | Reached skill level 11 in Shields
   460 | D        | Killed a flying skull
   460 | D        | Reached *** piety under Okawaru
   461 | D        | Reached skill level 10 in Fighting
   467 | D        | Reached XP level 8. HP: 27/80 MP: 4/7
   696 | D        | Noticed a bog body
   696 | D        | Noticed a rime drake
   708 | D        | Killed a rime drake
   709 | D        | Reached skill level 1 in Stealth
   709 | D        | Reached skill level 12 in Shields
   709 | D        | Reached skill level 1 in Invocations
   710 | D        | Killed a bog body
   710 | D        | Reached **** piety under Okawaru
   711 | D        | Reached skill level 10 in Long Blades
   711 | D        | Reached skill level 5 in Dodging
   712 | D        | Noticed Terence
   715 | D        | Killed Terence
   715 | D        | Received a gift from Okawaru
   828 | D        | Noticed a lindwurm
   840 | D        | Killed a lindwurm
   841 | D        | Reached skill level 13 in Shields
   841 | D        | Reached XP level 9. HP: 68/89 MP: 6/9
   878 | D        | Noticed a death yak
   894 | D        | Killed a death yak
   894 | D        | Reached ***** piety under Okawaru
   895 | D        | Reached skill level 14 in Shields
   915 | D        | Noticed a bog body
   920 | D        | Mangled by a bog body

Illustrated notes

Levels and vault maps discovered:
D:        pitsprint [storerooms_1, entrance_room_1, metal_vault_1, armoury_2,
          mini_pit_1, grid_room_1, main_hall_1, silver_pit, the_coven_1,
          the_vestibule_1, steel_vault_2, golden_pit, hallway_of_sentries,
          crystal_vault_1, iron_vault_3, final_vault]

Skill      XL: |  1  2  3  4  5  6  7  8  9 |
---------------+----------------------------+-----
Fighting       | 4 5 7 8 9 10 11 12 | 12.1
Armour         | 4 5 7 9 10 11 12 | 12.7
Shields        | 4 5 7 8 10 11 13 14 | 14.1
Long Blades    | 3 4 5 8 9 11 12 | 12.9
Dodging        | 1 2 3 4 6 |  6.6
Stealth        | 1 2 |  2.1
Invocations    | 2 |  2.8

Action                   |  1- 3 |  4- 6 |  7- 9 || total
-------------------------+-------+-------+-------++-------
Melee: Falchion          |    24 |    37 |    42 ||   103
       Headbutt          |     5 |    11 |    21 ||    37
       Long sword        |     2 |       |       ||     2
       Scimitar          |       |       |    45 ||    45
Invok: Heroism           |       |     1 |     5 ||     6
  Use: Potion            |     1 |       |     2 ||     3
Armor: Scale mail        |    12 |     9 |     5 ||    26
       Chain mail        |       |       |    10 ||    10
Dodge: Dodged            |    10 |     7 |    28 ||    45
Block: Kite shield       |    15 |    21 |    47 ||    83
       Rpst.: Falchion   |     5 |     4 |     4 ||    13
       Long sword        |     1 |       |       ||     1
       Scimitar          |       |       |     4 ||     4
